 Dungeon Crawl Stone Soup version 0.29.0-4-gdea44cf6ec (webtiles) character file.

Game seed: 13053296604234888586

54215 qw the Severer (level 14, -8/115 HPs)
             Began as a Demonspawn Cinder Acolyte on Sept 8, 2022.
             Was a Priest of Okawaru.
             Mangled by a rakshasa
             ... wielding a +0 trident
              (11 damage)
             ... on level 3 of the Abyss.
             The game lasted 00:06:57 (15440 turns).

qw the Severer (Demonspawn Cinder Acolyte)         Turns: 15440, Time: 00:06:58

Health: -8/115     AC: 24    Str: 18      XL:     14   Next: 33%
Magic:  15/15      EV:  7    Int: 19      God:    Okawaru [***...]
Gold:   1268       SH:  5    Dex:  2 (3)  Spells: 15/15 levels left

rFire   . . .      SeeInvis +   h - +6 war axe (vamp)
rCold   . . .      Faith    .   e - +0 buckler
rNeg    . . .      Spirit   .   q - +3 plate armour
rPois   +          Reflect  .   l - +0 helmet
rElec   .          Harm     .   b - +0 cloak
rCorr   +          Rampage  .   (no gloves)
Will    +....                   (no boots)
Stlth   ..........              f - amulet of regeneration
HPRegen 1.09/turn               n - +4 ring of protection
MPRegen 0.14/turn               k - ring of Vaedgh {rPois rCorr SInv}

@: about to teleport, heroic, slowed, fire susceptible, very slow
A: icy blue scales 1, foul stench 3, powered by death 2, weakness stinger 1,
clever 1, low MP 1, poison resistance, weak 1, [clumsy 2], [deformed body],
[deterioration 1], [screaming 2], [subdued magic 2]
a: Renounce Religion, Heroism


You were on level 3 of the Abyss.
You worshipped Okawaru.
Okawaru was most pleased with you.
You visited 3 branches of the dungeon, and saw 18 of its levels.
You visited the Abyss 2 times.

You collected 1268 gold pieces.


Innate Abilities, Weirdness & Mutations

You are partially covered in icy blue scales. (AC +2)
You frequently emit foul miasma when damaged in melee.
You regenerate health from kills.
You have a small tail.
Your mind is acute. (Int +4, Str/Dex -1)
Your magical capacity is low. (-10% MP)
Your system is resistant to poisons. (rPois)
You are weak. (Str -2)
[You are very clumsy. (Dex -4)]
[Armour fits poorly on your strangely shaped body.]
[Your body sometimes deteriorates upon taking damage.]
[You frequently scream uncontrollably at your foes.]
[Your spells are easier to cast, but less powerful.]


   Skills:
 - Level 12.0(17.0) Fighting
 - Level 16.0(21.0) Axes
 - Level 6.1(11.1) Throwing
 - Level 10.0(15.0) Armour
 - Level 2.0(7.0) Dodging
 + Level 6.1(11.1) Shields
 - Level 1.0 Spellcasting
 - Level 2.6 Fire Magic
 - Level 4.0 Invocations


You had 15 spell levels left.
You didn't know any spells.
Your spell library contained the following spells:

 Spells                   Type           Power      Damage    Failure   Level
 Scorch                   Fire           12%        2d5       78%         2

Inventory:

Hand Weapons
 a - a -1 hand axe of flaming
 h - a +6 vampiric war axe (weapon)
Missiles
 c - 2 boomerangs (quivered)
Armour
 b - a +0 cloak (worn)
 e - a +0 buckler (worn)
 l - a +0 helmet (worn)
 q - a +3 plate armour (worn)
Jewellery
 f - an amulet of regeneration (around neck)
 k - the ring of Vaedgh (right hand) {rPois rCorr SInv}
   (You found it on level 5 of the Lair of Beasts)

   [ring of see invisible]

   rPois:     It protects you from poison.
   SInv:      It lets you see invisible.
   rCorr:     It protects you from acid and corrosion.
 n - a +4 ring of protection (left hand)
 o - a ring of ice
Scrolls
 d - 3 scrolls of teleportation
 i - 5 scrolls of identify
 p - 2 scrolls of brand weapon
Potions
 g - 3 potions of haste
 m - 4 potions of curing
 r - 2 potions of might

Dungeon Overview and Level Annotations

Branches:
Dungeon (12/15)            Temple (1/1) D:5            Lair (5/5) D:9
 Shoals (0/4) Lair:3        Snake (0/4) Lair:2        Slime (0/5) Lair:4
    Orc (0/2) D:12

Altars:
Ashenzari
Cheibriados
Dithmenos
Fedhas
Gozag
Hepliaklqana
Kikubaaqudgha
Makhleb
Nemelex Xobeh
Okawaru
Qazlal
Ru
Sif Muna
Trog
Uskayaw
Vehumet
Wu Jian
Xom
Yredelemnul

Shops:
D:5 (   D:10 *

Annotations:
D:8 2 transporters, qw's ghost, novice MiBe
Lair:2 1 runed translucent door, qw's ghost, journeyman TrCA
Lair:3 3 runed translucent doors, qw's ghost, journeyman TrCA


Message History

You block the freezing wraith's attack. The freezing wraith hits you.
The freezing wraith drains your vigour!
You feel yourself slow down.
You emit a cloud of foul miasma!
You block the rakshasa's attack.
The freezing wraith completely misses you.
The freezing wraith hits you but does no damage.
The rakshasa hits you from afar with a +0 trident.
The rakshasa weaves an illusion.
The freezing wraith shimmers and seems to become two!
You hit the rakshasa.
The rakshasa is severely wounded.
You slash the freezing wraith!
You destroy the freezing wraith!
The freezing wraith shimmers and vanishes!
You barely miss the freezing wraith. You slash the freezing wraith!
The rakshasa closely misses you.
The freezing wraith hits you but does no damage. x2
The rakshasa barely misses you.
The rakshasa hits you from afar with a +0 trident.
The freezing wraith hits you but does no damage. x2
You slice the freezing wraith!!
You destroy the freezing wraith!
Okawaru accepts your kill.
You closely miss the rakshasa. You barely miss the freezing wraith.
The rakshasa hits you with a +0 trident!
The rakshasa barely misses you. The rakshasa closely misses you.
The freezing wraith hits you but does no damage.
The freezing wraith barely misses you.
Your base Armour skill increases to level 10!
You slash the rakshasa!
The rakshasa is almost dead.
You slice the freezing wraith!!
You destroy the freezing wraith!
The freezing wraith shimmers and vanishes!
The substance of the Abyss twists violently, and a gateway leading out appears!
The rakshasa hits you but does no damage. x3
The rakshasa completely misses you. The rakshasa closely misses you.
The rakshasa hits you from afar with a +0 trident! x2
The rakshasa hits you but does no damage.
The rakshasa hits you with a +0 trident!
You die...

### . #...#
..#.##.#.# .#'#..
.#.# . ......#.###
. .#...W+...#
........#R#.######
.......R.@¤R......#
......#¤00.......#
#........########.#
#.. .....# 8#
.....#...... .. ..
..............# .
.# ...............
. #. .....##8 ##8
8### ### # .. ## #


You could see 3 rakshasas.

Vanquished Creatures
  3 tentacled starspawn
  A black draconian (Abyss:2)
  A dire elephant (Lair:5)
  A fire dragon (Lair:5)
  Harold (D:9)
  Erolcha (D:11)
  A boulder beetle (Lair:5)
  5 hydras
  Fannar (Lair:3)
  2 catoblepae (Lair:5)
  A two-headed ogre (D:10)
  A tengu warrior (D:12)
  3 death yaks (Lair:5)
  Amaemon (D:10)
  2 glowing orange brains
  A lindwurm (Lair:3)
  An orc knight (D:12)
  A swamp dragon (Lair:5)
  A deep elf pyromancer (D:9)
  2 ugly things (D:12)
  2 manticores (Lair:5)
  2 oklob plants (Lair:5)
  8 elephants
  An apocalypse crab (Abyss:3)
  A black mamba (Lair:5)
  2 orange demons
  Maurice (D:8)
  11 cane toads
  2 unseen horrors
  4 rime drakes
  Maggie (D:6)
  5 komodo dragons
  A freezing wraith (Abyss:3)
  2 ancient zymes
  A troll (D:11)
  A merfolk (D:11)
  7 blink frogs
  2 polar bears
  2 raiju
  3 dream sheep (Lair:5)
  3 slime creatures (D:12)
  A centaur simulacrum (D:12)
  8 wyverns
  A wraith (D:12)
  4 basilisks (Lair:5)
  51 yaks
  6 fire elementals
  3 steam dragons
  Menkaure (D:7)
  Edmund (D:6)
  An acid dragon (D:10)
  4 orc warriors
  23 water moccasins
  2 ice beasts (D:6)
  2 swamp drakes (Lair:5)
  A sky beast (Abyss:2)
  5 starcursed masses (Abyss:3)
  3 black bears
  An ogre (D:7)
  7 centaurs
  25 wolves
  3 kobold brigands
  12 bullfrogs
  4 scorpions
  A gnoll sergeant (D:9)
  A necrophage (D:5)
  4 wights (D:10)
  9 killer bees
  A quasit (Abyss:2)
  A hound (D:5)
  A jelly (D:6)
  9 orc priests
  A gnoll bouda (D:8)
  An iron imp (Abyss:3)
  6 iguanas
  6 orc wizards
  2 small abominations
  7 gnolls
  7 adders
  A white imp (D:6)
  2 ufetubi
  2 worms
  2 dart slugs
  31 orcs
  5 bats
  3 endoplasms
  3 giant cockroaches (D:1)
  8 goblins
  7 hobgoblins
  4 jackals (D:2)
  23 kobolds
  3 quokkas
  6 ball pythons
  A frilled lizard (D:1)
  3 rats
  4 starspawn tentacles
427 creatures vanquished.

Vanquished Creatures (others)
  13 fungi
  26 plants
  8 starspawn tentacles
  4 toadstools (D:10)
51 creatures vanquished.

Grand Total: 478 creatures vanquished

Notes
Turn   | Place    | Note
-------+----------+-------------------------------------------
     0 | D:1      | qw the Demonspawn Cinder Acolyte began the quest for the
                  | Orb.
     0 | D:1      | Reached XP level 1. HP: 18/18 MP: 2/2
     0 | D:1      | 0 ||| qw: Version: 0.1-a-112-g44dc6cd
     0 | D:1      | 0 ||| qw: Game counter: 6794
     0 | D:1      | 0 ||| qw: Always use a shield: true
     0 | D:1      | 0 ||| qw: God list: Okawaru
     0 | D:1      | 0 ||| qw: Allow faded altars: false
     0 | D:1      | 0 ||| qw: Do Orc after D:15 true
     0 | D:1      | 0 ||| qw: Do second Lair branch before Depths: true
     0 | D:1      | 0 ||| qw: Lair rune preference: random
     0 | D:1      | 0 ||| qw: Plans: Normal
     0 | D:1      | 0 ||| PLANNING D:1-11
    59 | D:1      | Reached skill level 3 in Axes
   207 | D:1      | Gained mutation: You regenerate a little health from kills.
                  | [demonic ancestry]
   207 | D:1      | Reached XP level 2. HP: 24/24 MP: 3/3
   395 | D:1      | 395 ||| Stepping ~*~*~tactically~*~*~ (stealth).
   402 | D:1      | 402 ||| Stepping ~*~*~tactically~*~*~ (stealth).
   414 | D:1      | 414 ||| INVOKING Fiery Armour.
   790 | D:1      | 790 ||| Stepping ~*~*~tactically~*~*~ (stealth).
   791 | D:1      | 791 ||| Stepping ~*~*~tactically~*~*~ (stealth).
   951 | D:1      | 951 ||| UPGRADING to +0 leather armour.
   961 | D:1      | 961 ||| DROPPING +0 robe.
   962 | D:1      | 962 ||| UPGRADING to +0 chain mail.
   972 | D:1      | 972 ||| DROPPING +0 leather armour.
   973 | D:1      | 973 ||| UPGRADING to amulet of regeneration.
   997 | D:2      | 997 ||| FLEEEEING.
  1003 | D:2      | 1003 ||| Stepping ~*~*~tactically~*~*~ (hiding).
  1023 | D:2      | Reached XP level 3. HP: 29/29 MP: 4/4
  1076 | D:2      | Reached skill level 1 in Armour
  1173 | D:2      | Reached skill level 4 in Axes
  1192 | D:2      | Found a faded altar of an unknown god.
  1240 | D:2      | 1240 ||| SWAPPING to +0 war axe.
  1474 | D:2      | 1474 ||| Stepping ~*~*~tactically~*~*~ (stealth).
  1829 | D:2      | 1829 ||| DROPPING ring of wizardry.
  1830 | D:2      | 1830 ||| READING scroll labelled GEB NIADYIJEF.
  1831 | D:2      | 1831 ||| READING scroll labelled FARHIL QUSCH.
  1848 | D:3      | 1848 ||| Stepping ~*~*~tactically~*~*~ (stealth).
  1850 | D:3      | Gained mutation: You may rarely emit foul miasma when
                  | damaged in melee. [demonic ancestry]
  1850 | D:3      | Reached XP level 4. HP: 35/35 MP: 5/5
  2077 | D:3      | Found a snail-covered altar of Cheibriados.
  2391 | D:3      | 2391 ||| READING 2 scrolls labelled PEIGHA REQENEH.
  2392 | D:3      | 2392 ||| READING 2 scrolls labelled RUMMENIKAZ.
  2393 | D:3      | 2393 ||| READING scroll labelled CADWIW IMUIQU.
  2398 | D:3      | 2398 ||| DROPPING scroll of poison.
  2399 | D:3      | 2399 ||| DROPPING scroll of immolation.
  2578 | D:4      | 2578 ||| Stepping ~*~*~tactically~*~*~ (hiding).
  2612 | D:4      | 2612 ||| Stepping ~*~*~tactically~*~*~ (stealth).
  2622 | D:4      | Reached skill level 5 in Axes
  2622 | D:4      | Reached XP level 5. HP: 30/41 MP: 6/6
  2906 | D:4      | 2906 ||| READING scroll labelled SIYVOUCOIF.
  2907 | D:4      | 2907 ||| DRINKING 2 coppery potions.
  2908 | D:4      | 2908 ||| DRINKING 2 red potions.
  2909 | D:4      | 2909 ||| DRINKING 3 fuming sapphire potions.
  2910 | D:4      | 2910 ||| DRINKING 2 murky ruby potions.
  2939 | D:4      | 2939 ||| DROPPING potion of magic.
  2940 | D:4      | 2940 ||| DROPPING potion of lignification.
  2959 | D:5      | Entered Level 5 of the Dungeon
  3042 | D:5      | Found a staircase to the Ecumenical Temple.
  3057 | D:5      | Reached skill level 6 in Axes
  3196 | D:5      | Reached XP level 6. HP: 46/47 MP: 7/7
  3225 | D:5      | Found Omap's Weapon Shop.
  3284 | D:5      | 3284 ||| Stepping ~*~*~tactically~*~*~ (hiding).
  3352 | D:5      | 3352 ||| Stepping ~*~*~tactically~*~*~ (hiding).
  3354 | D:5      | 3354 ||| Stepping ~*~*~tactically~*~*~ (hiding).
  3407 | D:5      | 3407 ||| INVOKING Fiery Armour.
  3635 | D:5      | 3635 ||| UPGRADING to +2 scale mail of fire resistance.
  3645 | D:5      | 3645 ||| UPGRADING to +4 ring of protection.
  3646 | D:5      | 3646 ||| READING scroll labelled ABBEURANUA.
  3647 | D:5      | 3647 ||| DRINKING 2 orange potions.
  3647 | D:5      | Gained mutation: You are somewhat resistant to further
                  | mutation. [potion of mutation]
  3647 | D:5      | Gained mutation: You are frail. (-10% HP) [potion of
                  | mutation]
  3648 | D:5      | 3648 ||| DRINKING potion of mutation.
  3648 | D:5      | Lost mutation: You are somewhat resistant to further
                  | mutation. [potion of mutation]
  3648 | D:5      | Lost mutation: You are frail. (-10% HP) [potion of
                  | mutation]
  3648 | D:5      | Gained mutation: Your mind is acute. (Int +4, Str/Dex -1)
                  | [potion of mutation]
  3648 | D:5      | Gained mutation: Your system is resistant to poisons.
                  | (rPois) [potion of mutation]
  3654 | D:5      | 3654 ||| DRINKING 2 fuming blue potions.
  3696 | D:6      | 3696 ||| INVOKING Fiery Armour.
  3701 | D:6      | Reached skill level 1 in Dodging
  3701 | D:6      | Gained mutation: You sometimes emit foul miasma when
                  | damaged in melee. [demonic ancestry]
  3701 | D:6      | Reached XP level 7. HP: 54/54 MP: 8/8
  3854 | D:6      | 3854 ||| INVOKING Fiery Armour.
  3858 | D:6      | 3858 ||| Stepping ~*~*~tactically~*~*~ (stealth).
  3870 | D:6      | Reached skill level 7 in Axes
  3967 | D:6      | Noticed Edmund
  3976 | D:6      | Killed Edmund
  4032 | D:6      | 4032 ||| INVOKING Fiery Armour.
  4042 | D:6      | Gained mutation: You regenerate health from kills. [demonic
                  | ancestry]
  4042 | D:6      | Reached XP level 8. HP: 27/60 MP: 9/9
  4091 | D:6      | Reached skill level 8 in Axes
  4101 | D:6      | Noticed Maggie
  4110 | D:6      | Killed Maggie
  4130 | D:6      | 4130 ||| SWAPPING to +1 vorpal war axe.
  4131 | D:6      | 4131 ||| DROPPING +0 war axe.
  4216 | D:6      | 4216 ||| Stepping ~*~*~tactically~*~*~ (stealth).
  4218 | D:6      | 4218 ||| Stepping ~*~*~tactically~*~*~ (stealth).
  4221 | D:6      | 4221 ||| Stepping ~*~*~tactically~*~*~ (hiding).
  4265 | D:6      | 4265 ||| Stepping ~*~*~tactically~*~*~ (stealth).
  4381 | D:6      | Reached skill level 9 in Axes
  4490 | D:6      | 4490 ||| DROPPING +0 chain mail.
  4491 | D:6      | 4491 ||| UPGRADING to +0 plate armour.
  4501 | D:6      | 4501 ||| READING scroll labelled YDDUIM ZOIRUX.
  4502 | D:6      | 4502 ||| READING scroll labelled TAXZAD ETIT.
  4578 | D:7      | Noticed Menkaure
  4579 | D:7      | 4579 ||| INVOKING Fiery Armour.
  4584 | D:7      | Reached skill level 3 in Armour
  4589 | D:7      | Killed Menkaure
  4590 | D:7      | Reached skill level 6 in Fighting
  4590 | D:7      | Gained mutation: You are partially covered in icy blue
                  | scales. (AC +2) [demonic ancestry]
  4590 | D:7      | Reached XP level 9. HP: 31/69 MP: 10/10
  4818 | D:7      | 4818 ||| Stepping ~*~*~tactically~*~*~ (stealth).
  4887 | D:7      | You fall into a shaft and drop 2 floors!
  4964 | D:9      | 4964 ||| READING scroll labelled GARIHI CUCA.
  4965 | D:9      | 4965 ||| READING 2 scrolls of identify.
  4965 | D:9      | 4965 ||| IDENTIFYING cyan potion
  4966 | D:9      | 4966 ||| DROPPING potion of invisibility.
  4968 | D:9      | Noticed Harold
  4969 | D:9      | 4969 ||| Stepping ~*~*~tactically~*~*~ (hiding).
  4970 | D:9      | 4970 ||| Stepping ~*~*~tactically~*~*~ (hiding).
  4985 | D:9      | 4985 ||| INVOKING Fiery Armour.
  5000 | D:9      | Killed Harold
  5001 | D:9      | Reached skill level 10 in Axes
  5003 | D:9      | 5003 ||| FLEEEEING.
  5034 | D:9      | 5034 ||| FLEEEEING.
  5036 | D:9      | 5036 ||| STAIRDANCE
  5053 | D:8      | Reached skill level 11 in Axes
  5092 | D:8      | 5092 ||| FLEEEEING.
  5093 | D:8      | 5093 ||| FLEEEEING.
  5106 | D:8      | Reached XP level 10. HP: 67/79 MP: 11/11
  5349 | D:7      | 5349 ||| READING 2 scrolls of identify.
  5349 | D:7      | 5349 ||| IDENTIFYING smoky inky potion
  5350 | D:7      | 5350 ||| DROPPING potion of berserk rage.
  5359 | D:8      | 5359 ||| INVOKING Fiery Armour.
  5360 | D:8      | 5360 ||| STAIRDANCE
  5385 | D:8      | Noticed Maurice
  5386 | D:8      | 5386 ||| Stepping ~*~*~tactically~*~*~ (hiding).
  5401 | D:8      | 5401 ||| Stepping ~*~*~tactically~*~*~ (hiding).
  5414 | D:8      | Killed Maurice
  5549 | D:8      | 5549 ||| Stepping ~*~*~tactically~*~*~ (hiding).
  5550 | D:8      | 5550 ||| Stepping ~*~*~tactically~*~*~ (hiding).
  5572 | D:8      | Noticed qw's ghost (novice MiBe)
  5582 | D:8      | Found a transporter.
  5584 | D:8      | Found a transporter.
  5655 | D:8      | Found a sacrificial altar of Ru.
  5759 | D:8      | 5759 ||| Stepping ~*~*~tactically~*~*~ (stealth).
  5763 | D:8      | 5763 ||| Stepping ~*~*~tactically~*~*~ (stealth).
  5764 | D:8      | 5764 ||| Stepping ~*~*~tactically~*~*~ (hiding).
  6200 | D:8      | 6200 ||| UPGRADING to +0 cloak.
  6205 | D:8      | 6205 ||| UPGRADING to +0 buckler.
  6210 | D:8      | 6210 ||| READING 3 scrolls labelled PESSOCKOIT.
  6211 | D:8      | 6211 ||| READING 2 scrolls of enchant weapon.
  6211 | D:8      | 6211 ||| ENCHANTING +2 vorpal war axe.
  6212 | D:8      | 6212 ||| READING scroll of enchant weapon.
  6212 | D:8      | 6212 ||| ENCHANTING +3 vorpal war axe.
  6402 | D:9      | Reached skill level 1 in Shields
  6410 | D:9      | 6410 ||| INVOKING Fiery Armour.
  6412 | D:9      | Reached skill level 3 in Shields
  6483 | D:9      | Found a staircase to the Lair.
  6526 | D:9      | 6526 ||| Stepping ~*~*~tactically~*~*~ (hiding).
  6682 | D:9      | 6682 ||| READING scroll of enchant weapon.
  6682 | D:9      | 6682 ||| ENCHANTING +4 vorpal war axe.
  6805 | D:9      | Noticed a deep elf pyromancer
  6812 | D:9      | Killed a deep elf pyromancer
  6927 | D:9      | 6927 ||| PLANNING LAIR
  6927 | D:9      | 6927 ||| DRINKING 2 fuming clear potions.
  6928 | D:9      | 6928 ||| READING 2 scrolls of identify.
  6928 | D:9      | 6928 ||| IDENTIFYING murky puce potion
  6929 | D:9      | 6929 ||| DROPPING potion of flight.
  6979 | Lair:1   | Entered Level 1 of the Lair of Beasts
  7015 | Lair:1   | Noticed a cane toad
  7023 | Lair:1   | Killed a cane toad
  7052 | Lair:1   | 7052 ||| Stepping ~*~*~tactically~*~*~ (stealth).
  7053 | Lair:1   | 7053 ||| Stepping ~*~*~tactically~*~*~ (stealth).
  7098 | Lair:1   | 7098 ||| Stepping ~*~*~tactically~*~*~ (stealth).
  7175 | Lair:1   | Reached skill level 12 in Axes
  7175 | Lair:1   | Reached XP level 11. HP: 86/86 MP: 12/12
  7406 | Lair:1   | 7406 ||| Stepping ~*~*~tactically~*~*~ (stealth).
  7412 | Lair:1   | Reached skill level 6 in Armour
  7437 | Lair:1   | Found a dark tunnel.
  7726 | Lair:1   | 7726 ||| Stepping ~*~*~tactically~*~*~ (stealth).
  7751 | Lair:1   | 7751 ||| Stepping ~*~*~tactically~*~*~ (stealth).
  7802 | Lair:1   | 7802 ||| Stepping ~*~*~tactically~*~*~ (stealth).
  7853 | Lair:1   | Found the +8 whip "Snakebite" {venom, curare, rPois}
  8083 | Lair:1   | 8083 ||| READING scroll labelled DULON FUFEN.
  8084 | Lair:1   | 8084 ||| READING scroll labelled JUOTSA IMILOYT.
  8133 | Lair:2   | 8133 ||| INVOKING Fiery Armour.
  8134 | Lair:2   | 8134 ||| Stepping ~*~*~tactically~*~*~ (stealth).
  8145 | Lair:2   | 8145 ||| Stepping ~*~*~tactically~*~*~ (stealth).
  8165 | Lair:2   | Reached skill level 13 in Axes
  8305 | Lair:2   | 8305 ||| Stepping ~*~*~tactically~*~*~ (stealth).
  8407 | Lair:2   | Found a staircase to the Snake Pit.
  8420 | Lair:2   | Reached skill level 9 in Fighting
  8455 | Lair:2   | 8455 ||| Stepping ~*~*~tactically~*~*~ (stealth).
  8779 | Lair:2   | Found a runed translucent door.
  8784 | Lair:2   | Noticed qw's ghost (journeyman TrCA)
  8900 | Lair:2   | 8900 ||| DRINKING 3 sedimented ruby potions.
  8901 | Lair:2   | 8901 ||| READING 2 scrolls of identify.
  8901 | Lair:2   | 8901 ||| IDENTIFYING brown potion
  8902 | Lair:2   | 8902 ||| DROPPING potion of brilliance.
  8903 | Lair:2   | 8903 ||| DROPPING 2 potions of attraction.
  8951 | Lair:3   | Found a staircase to the Shoals.
  8985 | Lair:3   | 8985 ||| Stepping ~*~*~tactically~*~*~ (stealth).
  8988 | Lair:3   | 8988 ||| INVOKING Fiery Armour.
  8991 | Lair:3   | Reached skill level 3 in Throwing
  9015 | Lair:3   | Gained mutation: You frequently emit foul miasma when
                  | damaged in melee. [demonic ancestry]
  9015 | Lair:3   | Reached XP level 12. HP: 95/95 MP: 13/13
  9026 | Lair:3   | Noticed qw's ghost (journeyman TrCA)
  9119 | Lair:3   | 9119 ||| INVOKING Fiery Armour.
  9141 | Lair:3   | Reached skill level 14 in Axes
  9186 | Lair:3   | 9186 ||| Stepping ~*~*~tactically~*~*~ (stealth).
  9191 | Lair:3   | 9191 ||| Stepping ~*~*~tactically~*~*~ (stealth).
  9195 | Lair:3   | 9195 ||| Stepping ~*~*~tactically~*~*~ (stealth).
  9196 | Lair:3   | 9196 ||| Stepping ~*~*~tactically~*~*~ (stealth).
  9202 | Lair:3   | 9202 ||| Stepping ~*~*~tactically~*~*~ (stealth).
  9213 | Lair:3   | 9213 ||| FLEEEEING.
  9214 | Lair:3   | 9214 ||| FLEEEEING.
  9231 | Lair:3   | Found a runed translucent gate.
  9232 | Lair:3   | 9232 ||| PLANNING TEMPLE
  9232 | Lair:3   | 9232 ||| UPGRADING to +0 helmet.
  9237 | Lair:3   | 9237 ||| DROPPING +2 scale mail of fire resistance.
  9238 | Lair:3   | 9238 ||| UPGRADING to +3 plate armour.
  9248 | Lair:3   | 9248 ||| DROPPING +0 plate armour.
  9249 | Lair:3   | 9249 ||| READING 3 scrolls of identify.
  9249 | Lair:3   | 9249 ||| IDENTIFYING fizzy emerald potion
  9250 | Lair:3   | 9250 ||| READING 2 scrolls of identify.
  9250 | Lair:3   | 9250 ||| IDENTIFYING dark potion
  9251 | Lair:3   | 9251 ||| DROPPING potion of degeneration.
  9402 | Temple   | Entered the Ecumenical Temple
  9595 | Temple   | 9595 ||| PLANNING LAIR
  9719 | Lair:3   | Found a runed translucent gate.
  9719 | Lair:3   | Found a runed translucent gate.
  9895 | Lair:3   | Noticed Fannar
  9909 | Lair:3   | Killed Fannar
 10056 | Lair:3   | 10056 ||| READING scroll labelled YDICITEACLUL.
 10210 | Lair:4   | Found a staircase to the Slime Pits.
 10225 | Lair:4   | 10225 ||| READING scroll of enchant weapon.
 10225 | Lair:4   | 10225 ||| ENCHANTING +5 vampiric war axe.
 10343 | Lair:4   | Noticed a five-headed hydra
 10346 | Lair:4   | 10346 ||| SWAPPING to -1 hand axe of flaming.
 10354 | Lair:4   | Killed a one-headed hydra
 10355 | Lair:4   | 10355 ||| SWAPPING to +6 vampiric war axe.
 10358 | Lair:4   | Identified the +6 scale mail of Jesap {SInv}
 10505 | Lair:4   | 10505 ||| DROPPING ring of flight.
 10524 | Lair:5   | Entered Level 5 of the Lair of Beasts
 10526 | Lair:5   | Noticed an eight-headed hydra
 10527 | Lair:5   | Noticed a seven-headed hydra
 10529 | Lair:5   | 10529 ||| SWAPPING to -1 hand axe of flaming.
 10538 | Lair:5   | 10538 ||| Stepping ~*~*~tactically~*~*~ (stealth).
 10539 | Lair:5   | 10539 ||| Stepping ~*~*~tactically~*~*~ (stealth).
 10540 | Lair:5   | 10540 ||| STAIRDANCE
 10544 | Lair:4   | Killed a five-headed hydra
 10545 | Lair:4   | 10545 ||| SWAPPING to +6 vampiric war axe.
 10599 | Lair:5   | 10599 ||| STAIRDANCE
 10601 | Lair:4   | 10601 ||| SWAPPING to -1 hand axe of flaming.
 10602 | Lair:4   | HP: 23/97 [five-headed hydra (12)]
 10603 | Lair:4   | 10603 ||| READING 4 scrolls of teleportation.
 10604 | Lair:4   | 10604 ||| DRINKING 2 potions of heal wounds.
 10609 | Lair:4   | 10609 ||| SWAPPING to +6 vampiric war axe.
 10714 | Lair:5   | Found the +1 robe of Vines {NoPotionHeal Regen++++}
 10720 | Lair:5   | HP: 23/97 [oklob plant/splash of acid (14)]
 10721 | Lair:5   | 10721 ||| READING 3 scrolls of teleportation.
 10722 | Lair:5   | 10722 ||| DRINKING potion of heal wounds.
 10726 | Lair:5   | 10726 ||| DRINKING potion of cancellation.
 10730 | Lair:5   | HP: 24/97 [cane toad (17)]
 10731 | Lair:5   | 10731 ||| READING 2 scrolls of teleportation.
 10765 | Lair:5   | 10765 ||| Stepping ~*~*~tactically~*~*~ (stealth).
 10767 | Lair:5   | 10767 ||| Stepping ~*~*~tactically~*~*~ (stealth).
 10823 | Lair:5   | 10823 ||| Stepping ~*~*~tactically~*~*~ (stealth).
 10930 | Lair:5   | HP: 20/97 [oklob plant/splash of acid (33)]
 10931 | Lair:5   | 10931 ||| READING scroll of teleportation.
 10931 | Lair:5   | HP: 8/97 [oklob plant/splash of acid (13)]
 11020 | Lair:5   | 11020 ||| FLEEEEING.
 11021 | Lair:5   | 11021 ||| FLEEEEING.
 11121 | Lair:5   | Noticed a boulder beetle
 11134 | Lair:5   | Killed a boulder beetle
 11187 | Lair:5   | 11187 ||| Stepping ~*~*~tactically~*~*~ (hiding).
 11203 | Lair:5   | Reached skill level 6 in Throwing
 11203 | Lair:5   | Gained mutation: You have a small tail. [demonic ancestry]
 11203 | Lair:5   | Reached XP level 13. HP: 81/103 MP: 14/14
 11203 | Lair:5   | 11203 ||| FLEEEEING.
 11204 | Lair:5   | 11204 ||| FLEEEEING.
 11205 | Lair:5   | 11205 ||| FLEEEEING.
 11206 | Lair:5   | 11206 ||| FLEEEEING.
 11207 | Lair:5   | 11207 ||| FLEEEEING.
 11208 | Lair:5   | 11208 ||| FLEEEEING.
 11209 | Lair:5   | 11209 ||| FLEEEEING.
 11210 | Lair:5   | 11210 ||| FLEEEEING.
 11225 | Lair:5   | 11225 ||| Stepping ~*~*~tactically~*~*~ (hiding).
 11412 | Lair:5   | 11412 ||| Stepping ~*~*~tactically~*~*~ (hiding).
 11438 | Lair:5   | Noticed a fire dragon
 11458 | Lair:5   | Killed a fire dragon
 11459 | Lair:5   | Reached skill level 15 in Axes
 11459 | Lair:5   | 11459 ||| FLEEEEING.
 11591 | Lair:5   | 11591 ||| FLEEEEING.
 11592 | Lair:5   | 11592 ||| FLEEEEING.
 11610 | Lair:5   | 11610 ||| FLEEEEING.
 11611 | Lair:5   | 11611 ||| FLEEEEING.
 11651 | Lair:5   | HP: 11/103 [oklob plant/splash of acid (22)]
 11652 | Lair:5   | 11652 ||| READING 3 scrolls of teleportation.
 11776 | Lair:5   | Identified the +6 spear of Hyloy {elec, rCorr Int+5}
 11955 | Lair:5   | 11955 ||| Stepping ~*~*~tactically~*~*~ (hiding).
 12032 | Lair:5   | Noticed a dire elephant
 12044 | Lair:5   | Killed a dire elephant
 12046 | Lair:5   | 12046 ||| Stepping ~*~*~tactically~*~*~ (hiding).
 12080 | Lair:5   | 12080 ||| Stepping ~*~*~tactically~*~*~ (hiding).
 12092 | Lair:5   | 12092 ||| Stepping ~*~*~tactically~*~*~ (cloud).
 12101 | Lair:5   | 12101 ||| Stepping ~*~*~tactically~*~*~ (stealth).
 12105 | Lair:5   | 12105 ||| Stepping ~*~*~tactically~*~*~ (stealth).
 12106 | Lair:5   | 12106 ||| Stepping ~*~*~tactically~*~*~ (stealth).
 12114 | Lair:5   | Reached skill level 16 in Axes
 12129 | Lair:5   | Identified the +4 chain mail "Kicruff" {Drain rPois Regen+
                  | Int+3}
 12148 | Lair:5   | 12148 ||| Stepping ~*~*~tactically~*~*~ (stealth).
 12150 | Lair:5   | 12150 ||| SWAPPING to -1 hand axe of flaming.
 12164 | Lair:5   | 12164 ||| SWAPPING to +6 vampiric war axe.
 12178 | Lair:5   | Reached skill level 6 in Shields
 12203 | Lair:5   | Identified the ring of Vaedgh {rPois rCorr SInv}
 12293 | Lair:5   | 12293 ||| SWAPPING to -1 hand axe of flaming.
 12304 | Lair:5   | 12304 ||| SWAPPING to +6 vampiric war axe.
 12376 | Lair:5   | 12376 ||| Stepping ~*~*~tactically~*~*~ (stealth).
 12378 | Lair:5   | 12378 ||| FLEEEEING.
 12382 | Lair:5   | 12382 ||| FLEEEEING.
 12383 | Lair:5   | 12383 ||| FLEEEEING.
 12384 | Lair:5   | 12384 ||| FLEEEEING.
 12385 | Lair:5   | 12385 ||| FLEEEEING.
 12386 | Lair:5   | 12386 ||| FLEEEEING.
 12387 | Lair:5   | 12387 ||| FLEEEEING.
 12388 | Lair:5   | 12388 ||| FLEEEEING.
 12389 | Lair:5   | 12389 ||| FLEEEEING.
 12390 | Lair:5   | 12390 ||| FLEEEEING.
 12391 | Lair:5   | 12391 ||| FLEEEEING.
 12392 | Lair:5   | 12392 ||| FLEEEEING.
 12393 | Lair:5   | 12393 ||| FLEEEEING.
 12394 | Lair:5   | 12394 ||| FLEEEEING.
 12396 | Lair:5   | 12396 ||| FLEEEEING.
 12587 | Lair:5   | 12587 ||| PLANNING D:1-11
 12587 | Lair:5   | 12587 ||| DROPPING +4 chain mail "Kicruff" {Drain rPois
                  | Regen+ Int+3}.
 12588 | Lair:5   | 12588 ||| UPGRADING to ring of Vaedgh {rPois rCorr SInv}.
 12659 | D:10     | Entered Level 10 of the Dungeon
 12713 | D:10     | 12713 ||| Stepping ~*~*~tactically~*~*~ (hiding).
 12716 | D:10     | Reached skill level 9 in Armour
 12864 | D:10     | Noticed Amaemon
 12900 | D:10     | Killed Amaemon
 13022 | D:10     | Found an iron altar of Okawaru.
 13023 | D:10     | 13023 ||| PLANNING CONVERSION TO OKAWARU
 13040 | D:10     | Fell from the grace of Ignis
 13040 | D:10     | Became a worshipper of Warmaster Okawaru
 13041 | D:10     | 13041 ||| PLANNING D:1-11
 13118 | D:10     | Found a flagged portal.
 13129 | D:10     | Found Legag's Demolitions Depot.
 13616 | D:11     | Noticed Erolcha
 13617 | Abyss:2  | Cast into level 2 of the Abyss (Erolcha)
 13652 | Abyss:2  | Noticed a black draconian
 13653 | Abyss:2  | 13653 ||| Stepping ~*~*~tactically~*~*~ (hiding).
 13655 | Abyss:2  | 13655 ||| Stepping ~*~*~tactically~*~*~ (hiding).
 13656 | Abyss:2  | 13656 ||| Stepping ~*~*~tactically~*~*~ (hiding).
 13657 | Abyss:2  | 13657 ||| Stepping ~*~*~tactically~*~*~ (hiding).
 13669 | Abyss:2  | Killed a black draconian
 13808 | Abyss:2  | Noticed a tentacled starspawn
 13809 | Abyss:2  | 13809 ||| Stepping ~*~*~tactically~*~*~ (stealth).
 13818 | Abyss:2  | 13818 ||| Stepping ~*~*~tactically~*~*~ (hiding).
 13819 | Abyss:2  | 13819 ||| Stepping ~*~*~tactically~*~*~ (hiding).
 13827 | Abyss:2  | Killed a tentacled starspawn
 13827 | Abyss:2  | Reached * piety under Okawaru
 13859 | Abyss:2  | 13859 ||| Stepping ~*~*~tactically~*~*~ (stealth).
 13902 | Abyss:2  | 13902 ||| Stepping ~*~*~tactically~*~*~ (stealth).
 13946 | Abyss:2  | 13946 ||| INVOKING Heroism.
 13952 | Abyss:2  | Reached skill level 1 in Invocations
 13971 | Abyss:2  | 13971 ||| Stepping ~*~*~tactically~*~*~ (stealth).
 13979 | Abyss:2  | 13979 ||| Stepping ~*~*~tactically~*~*~ (stealth).
 13983 | Abyss:2  | 13983 ||| Stepping ~*~*~tactically~*~*~ (stealth).
 13987 | Abyss:2  | 13987 ||| Stepping ~*~*~tactically~*~*~ (stealth).
 13990 | Abyss:2  | 13990 ||| Stepping ~*~*~tactically~*~*~ (stealth).
 13992 | Abyss:2  | 13992 ||| Stepping ~*~*~tactically~*~*~ (stealth).
 13993 | Abyss:2  | 13993 ||| Stepping ~*~*~tactically~*~*~ (stealth).
 13995 | Abyss:2  | 13995 ||| Stepping ~*~*~tactically~*~*~ (stealth).
 13996 | Abyss:2  | 13996 ||| Stepping ~*~*~tactically~*~*~ (stealth).
 14004 | Abyss:2  | Reached XP level 14. HP: 113/113 MP: 15/15
 14020 | Abyss:2  | 14020 ||| Stepping ~*~*~tactically~*~*~ (stealth).
 14021 | Abyss:2  | 14021 ||| Stepping ~*~*~tactically~*~*~ (stealth).
 14029 | Abyss:2  | 14029 ||| Stepping ~*~*~tactically~*~*~ (hiding).
 14049 | D:11     | Escaped the Abyss
 14057 | D:11     | 14057 ||| INVOKING Heroism.
 14065 | D:11     | Killed Erolcha
 14080 | D:11     | 14080 ||| Stepping ~*~*~tactically~*~*~ (stealth).
 14094 | D:11     | Reached ** piety under Okawaru
 14095 | D:11     | Reached skill level 3 in Invocations
 14195 | D:11     | Found a frozen archway.
 14389 | D:11     | 14389 ||| INVOKING Heroism.
 14390 | D:11     | 14390 ||| SWAPPING to -1 hand axe of flaming.
 14399 | D:11     | 14399 ||| SWAPPING to +6 vampiric war axe.
 14424 | D:11     | You fall into a shaft and drop 1 floor!
 14431 | D:12     | 14431 ||| READING scroll labelled ZANUOFRUXKE.
 14812 | D:11     | 14812 ||| PLANNING D
 14974 | D:12     | Found a staircase to the Orcish Mines.
 15028 | D:12     | Found an ornate altar of the Wu Jian Council.
 15061 | D:12     | 15061 ||| Stepping ~*~*~tactically~*~*~ (stealth).
 15092 | D:12     | 15092 ||| INVOKING Heroism.
 15104 | D:12     | Reached skill level 12 in Fighting
 15117 | Abyss:3  | Found a corrupted altar of Lugonu.
 15117 | Abyss:3  | Cast into level 3 of the Abyss (a wizard)
 15177 | Abyss:3  | 15177 ||| Stepping ~*~*~tactically~*~*~ (stealth).
 15186 | Abyss:3  | Found a radiant altar of Vehumet.
 15189 | Abyss:3  | Found a radiant altar of Vehumet.
 15189 | Abyss:3  | Found a radiant altar of Vehumet.
 15227 | Abyss:3  | Noticed a red very ugly thing
 15228 | Abyss:3  | 15228 ||| Stepping ~*~*~tactically~*~*~ (stealth).
 15235 | Abyss:3  | Noticed a tentacled starspawn
 15236 | Abyss:3  | 15236 ||| INVOKING Heroism.
 15244 | Abyss:3  | Killed a tentacled starspawn
 15273 | Abyss:3  | Noticed a starcursed mass
 15274 | Abyss:3  | 15274 ||| Stepping ~*~*~tactically~*~*~ (hiding).
 15295 | Abyss:3  | 15295 ||| INVOKING Heroism.
 15318 | Abyss:3  | Noticed a tentacled starspawn
 15320 | Abyss:3  | Noticed a Hell Sentinel
 15322 | Abyss:3  | Gained mutation: Your magical capacity is low. (-10% MP) [a
                  | neqoxec]
 15323 | Abyss:3  | Noticed a tentacled starspawn
 15323 | Abyss:3  | 15323 ||| INVOKING Heroism.
 15330 | Abyss:3  | Killed a tentacled starspawn
 15330 | Abyss:3  | Reached *** piety under Okawaru
 15335 | Abyss:3  | Gained mutation: You are weak. (Str -2) [a neqoxec]
 15411 | Abyss:3  | 15411 ||| Stepping ~*~*~tactically~*~*~ (hiding).
 15414 | Abyss:3  | 15414 ||| Stepping ~*~*~tactically~*~*~ (hiding).
 15415 | Abyss:3  | 15415 ||| Stepping ~*~*~tactically~*~*~ (hiding).
 15425 | Abyss:3  | 15425 ||| INVOKING Heroism.
 15434 | Abyss:3  | HP: 20/115 [freezing wraith (13)]
 15435 | Abyss:3  | 15435 ||| READING 4 scrolls of teleportation.
 15436 | Abyss:3  | 15436 ||| DRINKING potion of heal wounds.
 15440 | Abyss:3  | HP: 13/115 [rakshasa (illusionary)/+0 trident (10)]
 15440 | Abyss:3  | HP: 3/115 [rakshasa (illusionary)/+0 trident (10)]
 15440 | Abyss:3  | Mangled by a rakshasa

Levels and vault maps discovered:
D:1:      lemuel_arrival_hallway, layout_basic
D:2:      layout_basic, hellmonk_ecumenical_altar_lost_god, nrook_loot_triangle,
          amcnicky_mini_rare_corridor_liquid,
          nicolae_concentric_dashed_squares_mild
D:3:      layout_basic, slow_altar_1
D:4:      layout_rooms, minmay_close_crescents
D:5:      layout_gridville, minmay_temple_entry_wispy, serial_shops,
          nicolae_shop_hallway_stairs
D:6:      nicolae_BIG_FREAKIN_CUBE, layout_cave_pools, grunt_ministairs_6,
          nicolae_titane, uniq_maggie, uniq_edmund
D:7:      layout_basic, uniq_menkaure
D:8:      layout_basic, nicolae_ru_sacrificial_ziggurat, serial_corexii_hall,
          corexii_hall_statues_s, corexii_hall_statues_i,
          corexii_hall_statues_x, corexii_hall_statues_l,
          corexii_hall_statues_i, corexii_hall_statues_x, gammafunk_ghost_hive,
          uniq_maurice
D:9:      layout_irregular_city, lair_entry_dummy, minmay_microvault,
          uniq_harold
D:10:     layout_cross, mainiacjoe_overflow_brackets, serial_park,
          serial_park_tiny_1, serial_park_fountain, serial_park_tiny_1,
          serial_park_tiny_2, serial_park_tiny_2, enter_bailey_5,
          minmay_gold_behind_fungi, corexii_hall_statues_l,
          nicolae_blasting_shop, uniq_amaemon
D:11:     layout_basic, portal_ice_cave_entry_pillars_1, hangedman_fish_farm,
          uniq_erolcha
D:12:     minmay_bloctagon_deflated, layout_loops_cross, orc_0_dummy,
          nrook_campfire, nzn_wu_jian_contemplation, uniq_frances
Temple:   nicolae_temple_bog_church
Lair:1:   minmay_guarded_unrand_snakebite, layout_regular_city, enter_volcano_2
Lair:2:   layout_loops_ring, dummy_snake_entry, ebering_ghost_reflecting_pool
Lair:3:   layout_roguey, minmay_shoals_entry_centaurs, gammafunk_ghost_split,
          grunt_forest_large_clearings, lemuel_fruit_fields, uniq_fannar
Lair:4:   layout_hall_layers, slime_entry_1
Lair:5:   guppyfry_lair_end_dragon, layout_cave_pods, hangedman_lair_in_review,
          hellmonk_guarded_unrand_vines
Abyss:3:  base: D:8, evilmike_abyss_exit_mutagenic, hangedman_relentless_pull,
          minivault_26, hangedman_abyss_or_decor_stabs, hangedman_abyss_shoalhut

Skill      XL: |  1  2  3  4  5  6  7  8  9 10 11 12 13 14 |
---------------+-------------------------------------------+-----
Axes           | 3 4 5 6 7 9 11 12 13 14 16 | 16.0
Armour         | 1 2 3 4 5 6 8 9 10 | 10.0
Fighting       | 4 6 7 8 9 10 11 12 | 12.0
Dodging        | 1 2 |  2.0
Throwing       | 2 4 6 |  6.1
Shields        | 4 5 6 |  6.1
Invocations    | 1 4 |  4.0
Spellcasting   | |  1.0
Fire Magic     | |  2.6

Action                   |  1- 3 |  4- 6 |  7- 9 | 10-12 | 13-15 || total
-------------------------+-------+-------+-------+-------+-------++-------
Melee: Hand axe          |    73 |       |       |    21 |    31 ||   125
       War axe           |    19 |   125 |   189 |   490 |   566 ||  1389
       Punch             |       |     1 |     2 |       |       ||     3
       Tailslap          |       |       |       |       |   114 ||   114
Throw: Boomerang         |    50 |    36 |    26 |    87 |    49 ||   248
       Javelin           |       |       |       |    30 |    12 ||    42
Invok: Fiery Armour      |     1 |     2 |     4 |     5 |       ||    12
       Heroism           |       |       |       |       |     8 ||     8
  Use: Scroll            |     2 |     5 |     4 |    17 |     3 ||    31
       Potion            |       |     7 |       |     5 |     1 ||    13
Armor: Robe              |    11 |       |       |       |       ||    11
       Chain mail        |    43 |    70 |       |       |       ||   113
       Scale mail        |       |     3 |    52 |       |       ||    55
       Plate armour      |       |       |    59 |   428 |   388 ||   875
Dodge: Dodged            |    44 |    37 |    67 |   130 |   138 ||   416
Block: Buckler           |       |       |       |    77 |   103 ||   180

Table legend:
 A = Non-vault XP
 B = Vault XP
 C = Vault XP percentage of total XP
 D = Non-vault monster count
 E = Vault monster count
 F = Vault count percentage of total count
                 A         B        C        D         E       F
            +---------+---------+-------+---------+---------+-------
      Total |   48611 |   28840 |  37.2 |     313 |     105 |  25.1
            +---------+---------+-------+---------+---------+-------
        D:1 |      34 |       0 |   0.0 |      20 |       0 |   0.0
        D:2 |      62 |       0 |   0.0 |      20 |       0 |   0.0
        D:3 |      36 |       5 |  12.2 |      11 |       1 |   8.3
        D:4 |      27 |      44 |  62.0 |       7 |       3 |  30.0
        D:5 |     492 |       0 |   0.0 |      11 |       0 |   0.0
        D:6 |    1102 |     670 |  37.8 |      26 |       4 |  13.3
        D:7 |     881 |     172 |  16.3 |      15 |       1 |   6.2
        D:8 |    1697 |     426 |  20.1 |      33 |       1 |   2.9
        D:9 |    2420 |    1471 |  37.8 |      21 |       2 |   8.7
       D:10 |    2428 |    1236 |  33.7 |      19 |       6 |  24.0
       D:11 |    2403 |    1160 |  32.6 |       8 |       2 |  20.0
       D:12 |    2395 |    1070 |  30.9 |       7 |       3 |  30.0
     Lair:1 |    3046 |    1391 |  31.4 |      15 |      12 |  44.4
     Lair:2 |    4952 |       0 |   0.0 |      22 |       0 |   0.0
     Lair:3 |    6829 |    4022 |  37.1 |      24 |      28 |  53.8
     Lair:4 |    2147 |     882 |  29.1 |       5 |       1 |  16.7
     Lair:5 |    6863 |   16291 |  70.4 |      23 |      41 |  64.1
    Abyss:2 |    5046 |       0 |   0.0 |      12 |       0 |   0.0
    Abyss:3 |    5751 |       0 |   0.0 |      14 |       0 |   0.0
            +---------+---------+-------+---------+---------+-------
